 Dungeon Crawl Stone Soup version 0.28.0-47-ge53b351184 (webtiles) character file.

Game seed: 14632518870163928498

5959 Iusername the Cruncher (level 10, -3/91 HPs)
             Began as a Minotaur Fighter on May 4, 2022.
             Slain by a two-headed ogre
             ... wielding a +0 giant club
              (36 damage)
             ... on level 8 of the Dungeon.
             The game lasted 00:12:31 (8546 turns).

Iusername the Cruncher (Minotaur Fighter)           Turns: 8546, Time: 00:12:31

Health: -3/91      AC: 12    Str: 38    XL:     10   Next: 54%
Magic:  9/9        EV: 13    Int:  5    God:
Gold:   383        SH:  0    Dex: 16    Spells: 9/9 levels left

rFire   + . .      SeeInvis .   s - +4 quarterstaff (chaos)
rCold   . . .      Faith    .   (shield currently unavailable)
rNeg    . . .      Spirit   .   n - +0 ring mail of Focus {Regen+ Str+3}
rPois   .          Reflect  .   y - +2 hat
rElec   .          Harm     .   t - +0 cloak
rCorr   .          Rampage  .   B - +1 pair of gloves {Str+3}
Will    .....                   (no boots)
Stlth   +++.......              G - amulet of regeneration
HPRegen 1.85/turn               k - ring "Nops" {rF+ Str+6 Dex+7 Stlth+}
MPRegen 0.11/turn               (no ring)

@: no status effects
A: horns 2, retaliatory headbutt
a: no special abilities


You were on level 8 of the Dungeon.
You visited 2 branches of the dungeon, and saw 9 of its levels.

You collected 383 gold pieces.

Inventory:

Hand Weapons
 a - a +0 long sword
 s - a +4 quarterstaff of chaos (weapon)
 w - a +3 scimitar of flaming
Armour
 c - a +0 buckler
 n - the +0 ring mail of Focus (worn) {Regen+ Str+3}
   (You found it on level 2 of the Dungeon)

   Str:       It affects your strength (+3).
   Regen:     It increases your rate of health regeneration.
 t - a +0 cloak (worn)
 y - a +2 hat (worn)
 B - a +1 pair of gloves of strength (worn)
Jewellery
 d - a ring of protection from fire
 k - the ring "Nops" (left hand) {rF+ Str+6 Dex+7 Stlth+}
   (You found it on level 2 of the Dungeon)

   [ring of strength]

   Str:       It affects your strength (+6).
   Dex:       It affects your dexterity (+7).
   rF:        It protects you from fire.
   Stlth:     It makes you more stealthy.
 G - an amulet of regeneration (around neck)
Wands
 h - a wand of paralysis (7)
 v - a wand of iceblast (15)
 x - a wand of digging (6)
 D - a wand of mindburst (23)
Scrolls
 e - a scroll of fear
 i - 2 scrolls of magic mapping
 o - 2 scrolls of teleportation
 p - a scroll of identify
 q - a scroll of holy word
 r - a scroll of immolation {unknown}
 u - a scroll of enchant armour {unknown}
 A - a scroll of amnesia {unknown}
 E - a scroll of summoning {unknown}
Potions
 b - a potion of curing
 f - 5 potions of brilliance
 g - a potion of degeneration {unknown}
 j - a potion of heal wounds {unknown}
 l - a potion of haste {unknown}
 m - a potion of berserk rage {unknown}
 z - a potion of cancellation {unknown}
 C - 3 potions of lignification


   Skills:
 + Level 9.3 Fighting
 + Level 6.0 Long Blades
 + Level 10.6 Staves
 + Level 9.2 Armour
 + Level 4.9 Dodging
 + Level 4.3 Stealth
 + Level 4.5 Shields


You had 9 spell levels left.
You didn't know any spells.
Your spell library contained the following spells:

 Spells                   Type           Power      Damage    Failure   Level
 Animate Skeleton         Necr           0%         N/A       56%         1
 Pain                     Necr           0%         1d4       56%         1
 Poisonous Vapours        Pois/Air       0%         N/A       71%         2
 Static Discharge         Conj/Air       0%         N/A       71%         2
 Vampiric Draining        Necr           0%         2d6       90%         3
 Summon Lightning Spire   Summ/Air       0%         N/A       100%        4


Dungeon Overview and Level Annotations

Branches:
Dungeon (8/15)             Temple (1/1) D:6
   Lair: D:8-11

Altars:
Ashenzari
Cheibriados
Elyvilon
Fedhas
Gozag
Hepliaklqana
Makhleb
Nemelex Xobeh
Okawaru
Qazlal
Ru
Sif Muna
Trog
Uskayaw
Vehumet
Xom
Yredelemnul
Zin
The Shining One

Shops:
D:5 *

Portals:
Ossuary: D:4


Innate Abilities, Weirdness & Mutations

You have a pair of horns on your head.
You reflexively headbutt those who attack you in melee.


Message History

Maggie is almost dead.
Unknown command.
You sock Maggie! You burn Maggie.
You break out of your daze!
You kill Maggie!
Unknown command.
No target in view!
Unknown command.
HP restored.
Things that are here:
a +0 morningstar; +0 acid dragon scales You open the door.
An orc and a two-headed ogre come into view.
The orc shouts!
The two-headed ogre shouts in stereo!
You hear a shout!
An orc wizard comes into view. It is wielding a +0 dagger.
An orc comes into view. It is wielding a +0 hand axe.
There is an open door here.
There are monsters nearby!
The orc wizard shouts!
The orc shouts!
You bludgeon the two-headed ogre!!
The two-headed ogre goes berserk!
The two-headed ogre is heavily wounded.
The two-headed ogre hits you with a +0 giant club!!
The two-headed ogre hits you with a +0 giant club!
The orc closely misses you. You furiously retaliate!
You headbutt the orc!
You kill the orc!
The orc wizard gestures wildly while chanting.
The orc wizard flickers and vanishes!
Deactivating autopickup; reactivate with Ctrl-A.
You thump the two-headed ogre!
The two-headed ogre is heavily wounded.
The two-headed ogre hits you but does no damage.
The two-headed ogre hits you with a +0 giant club!!!
* * * LOW HITPOINT WARNING * * *
Unknown command.
You are too injured to fight recklessly!
Unknown command.
Unknown command.
It was a potion of curing.
You feel better.
The two-headed ogre hits you with a +0 giant club!!!
You die...

...... ..... .... ... #+## .o#
##..##..#########
#...#)O..+......#
#...#@...#......#
#...'....#......# #
#.).#....#......# #
##..##+###'###### #
##..#...........# #
#...#...........# #
#...+...........# #
#...#...........#
##############'#...........######


You could see a two-headed ogre (berserk) and an orc.

Vanquished Creatures
  Erica (D:8)
  A manticore (D:6)
  Joseph (D:7)
  Maurice (D:8)
  Maggie (D:8)
  4 slime creatures (D:8)
  A wyvern (D:5)
  2 water moccasins (D:6)
  2 hornet zombies
  2 black bears
  3 ogres
  2 sky beasts
  A necrophage (D:5)
  A centaur (D:7)
  2 kobold brigands
  2 gnoll sergeants (D:6)
  A scorpion (D:4)
  A wyvern skeleton (D:6)
  A water moccasin skeleton (D:3)
  9 killer bees
  5 wights (D:7)
  The ghost of mitchisshort the Shield-Bearer, a weakling FoFi (D:3)
  A howler monkey (D:7)
  A hound (D:3)
  3 centaur zombies
  4 jellies
  3 orc priests
  Crazy Yiuf (D:3)
  A centaur skeleton (D:6)
  4 iguanas
  2 bullfrog skeletons
  4 orc wizards
  Robin (D:2)
  A howler monkey skeleton (D:7)
  2 adders
  A shadow imp (D:7)
  2 white imps
  An adder skeleton (D:4)
  3 worms
  3 dart slugs
  19 orcs
  5 bats
  10 endoplasms
  3 giant cockroaches
  15 goblins
  8 hobgoblins
  8 jackals
  7 quokkas
  8 ball pythons
  A frilled lizard (D:2)
  4 kobolds
  A quokka skeleton (D:4)
  3 rats
175 creatures vanquished.

Notes
Turn   | Place    | Note
-------+----------+-------------------------------------------
     0 | D:1      | Iusername the Minotaur Fighter began the quest for the Orb.
     0 | D:1      | Reached XP level 1. HP: 19/19 MP: 0/0
   229 | D:1      | Reached XP level 2. HP: 27/27 MP: 1/1
   399 | D:1      | Found a faded altar of an unknown god.
  1042 | D:2      | Identified the ring "Nops" {rF+ Str+6 Dex+7 Stlth+}
  1059 | D:2      | Reached XP level 3. HP: 23/34 MP: 2/2
  1540 | D:2      | Reached XP level 4. HP: 40/41 MP: 3/3
  1709 | D:2      | Noticed Robin
  1715 | D:2      | Killed Robin
  2201 | D:2      | Identified the +0 ring mail of Focus {Regen+ Str+3}
  2267 | D:3      | Reached skill level 5 in Fighting
  2267 | D:3      | Reached XP level 5. HP: 45/48 MP: 4/4
  2409 | D:3      | Found a blossoming altar of Fedhas.
  2460 | D:3      | Found a runed translucent gate.
  2460 | D:3      | Found a runed translucent gate.
  2461 | D:3      | Found a runed translucent gate.
  2462 | D:3      | Noticed mitchisshort's ghost (weakling FoFi)
  2635 | D:3      | Killed mitchisshort's ghost
  2639 | D:3      | Reached skill level 1 in Dodging
  2639 | D:3      | Reached XP level 6. HP: 36/56 MP: 5/5
  2643 | D:3      | Reached skill level 5 in Armour
  2965 | D:3      | Found a runed translucent door.
  2966 | D:3      | Noticed Crazy Yiuf
  3092 | D:3      | Killed Crazy Yiuf
  3262 | D:4      | Found a sand-covered staircase.
  3360 | D:4      | Got the Tome of Classification
  3389 | D:4      | Reached skill level 5 in Long Blades
  3498 | D:4      | Reached skill level 1 in Staves
  3711 | D:5      | Entered Level 5 of the Dungeon
  3715 | D:5      | Noticed a sky beast
  3718 | D:5      | Reached skill level 2 in Staves
  3718 | D:5      | Reached XP level 7. HP: 43/62 MP: 6/6
  3725 | D:5      | Reached skill level 3 in Staves
  3725 | D:5      | Reached skill level 1 in Stealth
  4134 | D:5      | Noticed a wyvern
  4139 | D:5      | Killed a wyvern
  4171 | D:5      | Found Mekiff's General Store.
  4212 | D:5      | Reached skill level 4 in Staves
  4344 | D:5      | Reached XP level 8. HP: 69/71 MP: 7/7
  4560 | D:6      | Reached skill level 5 in Staves
  4811 | D:6      | Found a staircase to the Ecumenical Temple.
  4824 | Temple   | Entered the Ecumenical Temple
  5797 | D:6      | Reached skill level 6 in Staves
  6045 | D:6      | Reached skill level 7 in Staves
  6045 | D:6      | Reached XP level 9. HP: 55/79 MP: 8/8
  6175 | D:6      | Noticed a manticore
  6187 | D:6      | Killed a manticore
  6458 | D:7      | Reached skill level 8 in Staves
  7082 | D:7      | Noticed Joseph
  7092 | D:7      | Killed Joseph
  7093 | D:7      | Reached skill level 9 in Staves
  7524 | D:8      | Reached XP level 10. HP: 60/90 MP: 9/9
  7782 | D:8      | Noticed Maurice
  7789 | D:8      | Killed Maurice
  7834 | D:8      | Reached skill level 10 in Staves
  8223 | D:8      | Noticed Erica
  8230 | D:8      | Killed Erica
  8523 | D:8      | Noticed Maggie
  8533 | D:8      | Killed Maggie
  8542 | D:8      | Noticed a two-headed ogre
  8546 | D:8      | Slain by a two-headed ogre

Illustrated notes

Levels and vault maps discovered:
D:1:      psy_arrival_terrarium, layout_basic, ebering_ecumenical_altar_box
D:2:      layout_basic, uniq_robin
D:3:      layout_rooms, lemuel_round_altar, gammafunk_ghost_necromancy,
          chequers_serial_rivers_micro_c, uniq_crazy_yiuf_cottage
D:4:      layout_loops_ring, lightli_ossuary_entry_decrepit_ruins
D:5:      layout_rooms, serial_shops, nicolae_shop_stone
D:6:      minmay_octagon_keep, layout_basic, minmay_temple_entry_statues_pillars
D:7:      layout_loops_cross, kennysheep_opposing_triangles, uniq_joseph
D:8:      layout_gridville, uniq_maggie, uniq_erica, uniq_maurice
Temple:   dpeg_five_rooms_temple

Skill      XL: |  1  2  3  4  5  6  7  8  9 10 |
---------------+-------------------------------+-----
Fighting       | 4 5 6 7 8 9 |  9.3
Armour         | 4 5 7 8 9 |  9.2
Shields        | 4 |  4.5
Long Blades    | 3 4 5 6 |  6.0
Dodging        | 1 2 3 4 |  4.9
Staves         | 2 4 7 9 10 | 10.6
Stealth        | 1 2 3 4 |  4.3

Action                   |  1- 3 |  4- 6 |  7- 9 | 10-12 || total
-------------------------+-------+-------+-------+-------++-------
Melee: Long sword        |    54 |   119 |       |       ||   173
       Headbutt          |     5 |    19 |    32 |     5 ||    61
       Quarterstaff      |       |    30 |   139 |    44 ||   213
  Use: Scroll            |       |       |     4 |     2 ||     6
       Potion            |       |       |     2 |     2 ||     4
 Stab: Sleeping          |       |     2 |     3 |     2 ||     7
       Distracted        |       |       |       |     1 ||     1
Armor: Scale mail        |    16 |    24 |       |       ||    40
       Ring mail         |       |    49 |    52 |    14 ||   115
Dodge: Dodged            |    25 |    77 |    74 |    30 ||   206
Block: Buckler           |    10 |    32 |       |       ||    42
